 Dungeon Crawl Stone Soup version 0.30-a0-859-gf88a04b62d (webtiles) character file.

Game seed: 9617030665986453721

858 Pooter the Chopper (level 7, -4/63 HPs)
             Began as a Minotaur Berserker on Mar 7, 2023.
             Was a Priest of Trog.
             Killed from afar by an electric eel (13 damage)
             ... with a bolt of electricity
             ... on level 6 of the Dungeon.
             The game lasted 00:23:25 (5404 turns).

Pooter the Chopper (Minotaur Berserker)             Turns: 5404, Time: 00:23:26

Health: -4/63      AC: 11    Str: 23    XL:     7   Next: 71%
Magic:  6/6        EV:  7    Int:  4    God:    Trog [***...]
Gold:   75         SH:  0    Dex: 10    Spells: 6/6 levels left

rFire   . . .      SeeInvis .    b - +1 sling (freeze)
rCold   . . .      Faith    .    (no shield)
rNeg    . . .      Spirit   .    j - +0 plate armour
rPois   .          Reflect  .    (helmet restricted)
rElec   .          Rampage  .    (no cloak)
rCorr   .                        (no gloves)
Will    .....                    (no boots) Stlth
                                 (no amulet)
HPRegen 0.30/turn                (no ring)
MPRegen 0.10/turn                (no ring)

@: no status effects
A: horns 2, retaliatory headbutt
a: Renounce Religion, Berserk, Trog's Hand


You were on level 6 of the Dungeon.
You worshipped Trog.
Trog was most pleased with you.
You visited 1 branch of the dungeon, and saw 6 of its levels.

You collected 340 gold pieces.
You spent 265 gold pieces at shops.

Inventory:

Hand Weapons
 a - a +2 halberd of venom
   (You took it off a gnoll on level 5 of the Dungeon)
 b - a +1 sling of freezing (weapon)
   (You took it off a goblin on level 2 of the Dungeon)
 i - a +1 heavy mace
   (You bought it in a shop on level 2 of the Dungeon)
 n - a +0 trident
   (You took it off an orc on level 3 of the Dungeon)
 r - a +0 hand axe
Missiles
 p - 2 silver boomerangs
 s - 22 poisoned darts
 y - 2 boomerangs
 Q - 51 stones
Armour
 j - a +0 plate armour (worn)
   (You found it on level 4 of the Dungeon)
Wands
 f - a wand of flame (18)
   (You found it on level 5 of the Dungeon)
Scrolls
 c - 2 scrolls of torment {!r}
 k - a scroll of fear
 t - 5 scrolls of teleportation {@r4}
 x - 3 scrolls of blinking
 z - a scroll of amnesia {unknown}
 B - 2 scrolls of poison {!r}
 D - a scroll of enchant weapon {unknown}
 F - a scroll of fog {unknown}
Potions
 d - 4 potions of curing {@q1}
 e - a potion of flight {unknown}
 g - a potion of haste {unknown}
 h - a potion of might {unknown}
 l - 2 potions of degeneration {unknown}
 m - 2 potions of heal wounds {@q2}
 o - a potion of experience {unknown}
 q - a potion of mutation {unknown}
 u - a potion of brilliance {unknown}
 v - a potion of berserk rage {unknown}
 w - 3 potions of attraction {unknown}
 A - 2 potions of ambrosia
 C - a potion of invisibility {unknown}
 E - a potion of cancellation {unknown}


   Skills:
 + Level 6.1 Fighting
 - Level 6.7(7.2) Axes
 * Level 3.9(5.8) Maces & Flails
 * Level 5.2 Ranged Weapons
 - Level 2.4 Armour
 - Level 2.1 Dodging


You had 6 spell levels left.
You didn't know any spells.
Your spell library was empty.

Dungeon Overview and Level Annotations

Branches:
Dungeon (6/15)
 Temple: D:4-7

Altars:

Shops:
D:2 *[(

Annotations:
D:6 2 transporters


Innate Abilities, Weirdness & Mutations

You have a pair of horns on your head.
You reflexively headbutt those who attack you in melee.


Message History

The electric eel completely resists.
The bolt of electricity hits the plant.
The plant begins to die.
The bolt of electricity hits you.
The electric eel shoots out a bolt of lightning at you!
The bolt of electricity hits the plant!
The bolt of electricity hits you!
The bolt of electricity hits the plant!
The plant begins to die.
The bolt of electricity hits the plant!
The plant begins to die.
The electric eel shoots out a bolt of lightning at you!
The bolt of electricity hits the electric eel.
The electric eel completely resists.
The bolt of electricity hits the plant!
The bolt of electricity hits you.
You shoot a sling bullet. The sling bullet hits the plant.
The plant begins to die.
The sling bullet freezes the plant.
The electric eel shoots out a bolt of lightning at you!
The bolt of electricity hits the plant!
The bolt of electricity hits you.
The bolt of electricity hits the plant! x2
You shoot a sling bullet. The sling bullet hits the plant!
The sling bullet freezes the plant.
The electric eel shoots out a bolt of lightning at you!
The bolt of electricity hits the electric eel.
The electric eel completely resists.
The bolt of electricity hits the plant!
The bolt of electricity hits you.
The bolt of electricity hits the plant!
Aim: an electric eel (48% to hit)
The puff of flame hits the electric eel.
A nearby plant withers and dies. x4
The electric eel shoots out a bolt of lightning at you!
The bolt of electricity hits you!
* * * LOW HITPOINT WARNING * * *
The electric eel is engulfed in a cloud of scalding steam.
The electric eel shoots out a bolt of lightning at you!
The bolt of electricity hits you.
* * * LOW HITPOINT WARNING * * *
The electric eel shoots out a bolt of lightning at you!
The bolt of electricity hits you!
* * * LOW HITPOINT WARNING * * *
The electric eel shoots out a bolt of lightning at you!
The bolt of electricity hits you!
* * * LOW HITPOINT WARNING * * *
Unknown command.
You feel much better.
The electric eel shoots out a bolt of lightning at you!
The bolt of electricity hits you!
* * * LOW HITPOINT WARNING * * *
The electric eel shoots out a bolt of lightning at you!
The bolt of electricity hits you.
* * * LOW HITPOINT WARNING * * *
Unknown command.
The electric eel shoots out a bolt of lightning at you!
The bolt of electricity hits the electric eel.
The electric eel completely resists.
The bolt of electricity hits you!
You die...

#.####.# # .. #...##.#
#.### . .#.#y#.# ... .#
y. #.y#.## #.#####.####
.# #.y#©.##
#.~~~~~PP~.##.## #.y#...#
#~~~♣P~PPP....#
#.#.#.#.###
#P.~§§~♣S≈~.PP~
#...##.....#
#....S.~♣≈≈~PPP ###.
#.###.####@####~§P~≈≈♣ ..
#............##.~~~♣♣ #.
#..##.##.....##.~~PP♣
#......##.........~P♣~S≈~
#..#.#####........PPP♣ P
.... #.....P.P~~♣~~P. ##.
####~PP~~~♣PPPP# #
#P~~~♣~P~~P###
#.~PPP~P~###


You could see 2 electric eels.

Vanquished Creatures
  Menkaure (D:5)
  A black bear (D:4)
  A phantom (D:5)
  A scorpion (D:4)
  2 hounds
  4 orc priests
  2 orc wizards (D:5)
  An iguana (D:5)
  Robin (D:2)
  4 gnolls (D:5)
  8 adders
  3 dart slugs (D:1)
  22 orcs
  13 ball pythons
  4 bats
  9 endoplasms
  3 giant cockroaches
  17 goblins
  8 hobgoblins
  2 jackals (D:3)
  9 kobolds
  3 quokkas
  5 frilled lizards
  8 rats
132 creatures vanquished.

Vanquished Creatures (others)
  8 plants (D:6)
8 creatures vanquished.

Grand Total: 140 creatures vanquished

Notes
Turn   | Place    | Note
-------+----------+-------------------------------------------
     0 | D:1      | Pooter the Minotaur Berserker began the quest for the Orb.
     0 | D:1      | Reached XP level 1. HP: 19/19 MP: 0/0
   139 | D:1      | Reached XP level 2. HP: 20/27 MP: 1/1
   446 | D:1      | Reached XP level 3. HP: 33/33 MP: 2/2
   770 | D:2      | Reached skill level 5 in Axes
   774 | D:2      | Reached ** piety under Trog
   864 | D:2      | Found Loof Zot's Antique Armour Shop.
   890 | D:2      | Found Corari Lesaz's General Store.
   899 | D:2      | Bought a scroll of identify for 26 gold pieces
   899 | D:2      | Bought a scroll of teleportation for 39 gold pieces
   917 | D:2      | Noticed Robin
   932 | D:2      | Killed Robin
   933 | D:2      | Reached XP level 4. HP: 41/41 MP: 3/3
  1158 | D:2      | Found Keug's Weapon Shop.
  1341 | D:3      | Reached skill level 1 in Ranged Weapons
  1590 | D:3      | Reached XP level 5. HP: 47/47 MP: 4/4
  1765 | D:3      | Reached *** piety under Trog
  1787 | D:3      | Found a faded altar of an unknown god.
  2134 | D:4      | Noticed a black bear
  2141 | D:4      | Killed a black bear
  2142 | D:4      | Reached skill level 5 in Fighting
  2224 | D:4      | Reached XP level 6. HP: 56/56 MP: 5/5
  3059 | D:2      | Bought a +1 heavy mace for 148 gold pieces
  3524 | D:5      | Entered Level 5 of the Dungeon
  3570 | D:5      | Reached skill level 1 in Maces & Flails
  3966 | D:5      | Reached XP level 7. HP: 61/61 MP: 6/6
  4444 | D:5      | Noticed Menkaure
  4463 | D:5      | Killed Menkaure
  4464 | D:5      | Reached skill level 5 in Ranged Weapons
  4833 | D:2      | Bought a scroll of poison for 52 gold pieces
  5114 | D:6      | Noticed a hornet
  5116 | D:6      | Found a transporter.
  5121 | D:6      | Found a transporter.
  5404 | D:6      | Killed from afar by an electric eel

Illustrated notes

Levels and vault maps discovered:
D:1:      mainiacjoe_arrival_reflecting_pool, layout_basic, eino_curves_03
D:2:      layout_rooms, serial_shops,
          nicolae_shop_temple_entry_statues_fountains, nicolae_shop_crystal,
          shop, uniq_robin
D:3:      layout_basic, basic_ecumenical_altar, grunt_ministairs_8,
          kennysheep_donut
D:4:      minmay_wonky_spiral, layout_layer_cave, grunt_ministairs_9,
          kennysheep_dice
D:5:      layout_loops_corners, uniq_menkaure
D:6:      layout_loops_corners, gammafunk_ghost_hive, serial_bayou_lagoon_a,
          hex_medium, uniq_prince_ribbit1

Skill      XL: |  1  2  3  4  5  6  7 |
---------------+----------------------+-----
Axes           | 4 5 6 |  6.7
Fighting       | 4 5 6 |  6.1
Ranged Weapons | 1 3 4 5 |  5.2
Maces & Flails | 2 3 |  3.9
Armour         | |  2.4
Dodging        | |  2.1

Action                     |  1- 3 |  4- 6 |  7- 9 || total
---------------------------+-------+-------+-------++-------
  Melee: Hand axe          |    83 |    14 |       ||    97
         Headbutt          |     9 |     2 |     5 ||    16
         Trident           |       |    24 |       ||    24
         Mace              |       |    26 |    12 ||    38
         Punch             |       |     2 |       ||     2
         Halberd           |       |       |    28 ||    28
   Fire: Sling             |       |   114 |    18 ||   132
 Invoke: Berserk           |     2 |     5 |     2 ||     9
         Trog's Hand       |       |     1 |     2 ||     3
  Evoke: Wand              |       |       |     1 ||     1
    Use: Scroll            |     1 |     5 |       ||     6
         Potion            |       |       |     1 ||     1
   Stab: Sleeping          |     1 |       |       ||     1
 Armour: Animal skin       |    17 |    11 |       ||    28
         Scale mail        |       |     1 |       ||     1
         Plate armour      |       |    31 |    33 ||    64
  Dodge: Dodged            |    39 |    47 |     9 ||    95

Table legend: (Time is in decaauts)
 A = Elapsed time spent in this place.
 B = Non-inter-level travel time spent in this place.
 C = Inter-level travel time spent in this place.
 D = Time resting spent in this place.
 E = Time spent auto-exploring this place.
 F = Levels seen in this place.
 G = Mean time per level.
                   A        B        C        D        E       F      G
               +--------+--------+--------+--------+--------+-----+--------+
         Total |   5569 |   5083 |    486 |    877 |   3250 |   6 |  928.2 |
       Dungeon |   5569 |   5083 |    486 |    877 |   3250 |   6 |  928.2 |
               +--------+--------+--------+--------+--------+-----+--------+

Top non-repeatable levels by time:
     D:4: 1340 daAuts
     D:5: 1321 daAuts
     D:3: 981 daAuts
     D:1: 731 daAuts
     D:2: 649 daAuts
     D:6: 544 daAuts
